 Dungeon Crawl Stone Soup version 0.29.0-4-gdea44cf6ec (webtiles) character file.

Game seed: 800847319848536993

21 qw the Chopper (level 2, -2/17 HPs)
             Began as a Tengu Warper on Aug 28, 2022.
             Slain by Natasha (6 damage)
             ... on level 2 of the Dungeon.
             The game lasted 00:00:04 (1223 turns).

qw the Chopper (Tengu Warper)                       Turns: 1223, Time: 00:00:05

Health: -2/17      AC: 10    Str: 11    XL:     2   Next: 87%
Magic:  6/6        EV:  2    Int: 13    God:
Gold:   44         SH:  0    Dex: 13    Spells: 5/5 levels left

rFire   . . .      SeeInvis .   Y - +0 hand axe
rCold   . . .      Faith    .   (no shield)
rNeg    . . .      Spirit   .   g - +0 plate armour
rPois   .          Reflect  .   (helmet restricted)
rElec   .          Harm     .   (no cloak)
rCorr   .          Rampage  .   (no gloves)
Will    .....                   (boots unavailable)
Stlth   ..........              (no amulet)
HPRegen 0.05/turn               (no ring)
MPRegen 0.10/turn               (no ring)

@: no status effects
A: beak, talons 3
a: no special abilities


You were on level 2 of the Dungeon.
You visited 1 branch of the dungeon, and saw 2 of its levels.

You collected 44 gold pieces.


Innate Abilities, Weirdness & Mutations

You have a beak for a mouth.
You have claws for feet.


   Skills:
 - Level 2.0 Fighting
 + Level 3.6 Axes
 - Level 1.0 Throwing
 - Level 1.1 Armour
 - Level 2.1 Dodging
 - Level 2.0 Spellcasting
 - Level 2.4 Translocations


You had 5 spell levels left.
You didn't know any spells.
Your spell library contained the following spells:

 Spells                   Type           Power      Damage    Failure   Level
 Blink                    Tloc           14%        N/A       100%        2
 Gell's Gravitas          Tloc           7%         N/A       100%        3
 Lesser Beckoning         Tloc           7%         N/A       100%        3
 Teleport Other           Tloc           7%         N/A       100%        3
 Manifold Assault         Tloc           7%         N/A       100%        5

Inventory:

Hand Weapons
 i - a +1 antimagic mace
 Y - a +0 hand axe (weapon)
Missiles
 e - 3 javelins (quivered)
Armour
 g - a +0 plate armour (worn)
Scrolls
 a - a scroll of identify
Potions
 b - a potion of berserk rage {unknown}
 c - a potion of heal wounds {unknown}
 d - a potion of flight {unknown}
 f - a potion of curing
 j - a potion of mutation {unknown}

Dungeon Overview and Level Annotations

Branches:
Dungeon (2/15)

Altars:

Annotations:
D:2 Natasha


Message History

The endoplasm is severely wounded.
The endoplasm freezes you.
You are frozen.
You hit the endoplasm.
You kill the endoplasm!
You start resting.
HP restored.
e - a javelin
e - 2 javelins (gained 1)
e - 3 javelins (gained 1)
You see here a +0 dagger.
You see here 6 poisoned darts.
Found 3 stones.
You now have 44 gold pieces (gained 9).
Found a chain mail.
Enter note:
Found a robe.
Found a stone staircase leading down.
Natasha, Servant of Life and Death comes into view.
She is carrying a wand of quicksilver (2).
Found a stone staircase leading down.
Natasha hisses angrily.
Found 5 gold pieces and a scroll labelled CANEBB LUNU.
Found an escape hatch in the ceiling.
Natasha casts a spell at you. The magic dart hits you.
Found an escape hatch in the floor.
Natasha claws you but does no damage.
You hit Natasha. Your peck misses Natasha.
Natasha is lightly wounded.
Natasha zaps a wand.
The bolt of dispelling energy misses you.
You closely miss Natasha. You peck Natasha.
Natasha is moderately wounded.
Natasha zaps a wand.
The bolt of dispelling energy hits you!
Ouch! That really hurt!
The now-empty wand crumbles to dust.
You hit Natasha. You claw Natasha.
Natasha is severely wounded.
Natasha claws you.
You die...

.........# #........
#....#####.#.# #........
#... #.#.# #........
#<..######...###........
........##...##........
##.....[.#.#.##........
#......................
#.......[.#.....#.....#
#....h@...#.....####...
#.........###...# ###.
>..>....>..# #...# .
###....$..## #...#
#......... #####
#.........# #.........#
#..?...$..#


You could see Natasha.

Vanquished Creatures
  A dart slug (D:1)
  2 bats
  3 endoplasms
  A goblin (D:1)
  A hobgoblin (D:1)
  A quokka (D:1)
  3 ball pythons
  A frilled lizard (D:2)
  2 kobolds
  3 rats
18 creatures vanquished.

Notes
Turn   | Place    | Note
-------+----------+-------------------------------------------
     0 | D:1      | qw the Tengu Warper began the quest for the Orb.
     0 | D:1      | Reached XP level 1. HP: 12/12 MP: 4/4
     0 | D:1      | 0 ||| qw: Version: 0.1-a-89-g26bdef1
     0 | D:1      | 0 ||| qw: Game counter: 1544
     0 | D:1      | 0 ||| qw: Always use a shield: true
     0 | D:1      | 0 ||| qw: God list: Okawaru
     0 | D:1      | 0 ||| qw: Allow faded altars: false
     0 | D:1      | 0 ||| qw: Do Orc after D:15 true
     0 | D:1      | 0 ||| qw: Do second Lair branch before Depths: true
     0 | D:1      | 0 ||| qw: Lair rune preference: random
     0 | D:1      | 0 ||| qw: Plans: Normal
     0 | D:1      | 0 ||| PLANNING D:1-11
   299 | D:1      | 299 ||| DROPPING +0 club.
   412 | D:1      | 412 ||| Stepping ~*~*~tactically~*~*~ (hiding).
   421 | D:1      | Reached skill level 3 in Axes
   421 | D:1      | Reached XP level 2. HP: 17/17 MP: 6/6
   761 | D:1      | 761 ||| UPGRADING to +0 plate armour.
   771 | D:1      | 771 ||| DROPPING +0 leather armour.
   772 | D:1      | 772 ||| READING 2 scrolls labelled RAFAGG EPPUWE.
   773 | D:1      | 773 ||| READING scroll labelled ONAINU GUADYP.
   874 | D:1      | 874 ||| READING scroll labelled XAMAEC YTOBLI.
   875 | D:1      | 875 ||| DRINKING 2 fuming sapphire potions.
   876 | D:1      | 876 ||| DROPPING scroll of blinking.
  1039 | D:2      | 1039 ||| Stepping ~*~*~tactically~*~*~ (stealth).
  1040 | D:2      | 1040 ||| Stepping ~*~*~tactically~*~*~ (stealth).
  1217 | D:2      | Noticed Natasha
  1222 | D:2      | HP: 4/17 [Natasha/bolt of dispelling energy (12)]
  1223 | D:2      | Slain by Natasha

Levels and vault maps discovered:
D:1:      minmay_arrival_hallway, layout_basic
D:2:      layout_rooms, basic_altar, dreamdust_ecumenical_altar_sealed_demon,
          uniq_natasha

Skill      XL: |  1 |
---------------+----+-----
Axes           | 3 |  3.6
Fighting       | |  2.0
Throwing       | |  1.0
Armour         | |  1.1
Dodging        | |  2.1
Spellcasting   | |  2.0
Translocations | |  2.4

Action                   || total
-------------------------++-------
Melee: Hand axe          ||    35
       Kick              ||     9
       Peck              ||     5
Throw: Boomerang         ||     7
       Javelin           ||    11
  Use: Scroll            ||     3
       Potion            ||     1
Armor: Plate armour      ||    27
       Leather armour    ||     4
Dodge: Dodged            ||     8

Table legend:
 A = Non-vault XP
 B = Vault XP
 C = Vault XP percentage of total XP
 D = Non-vault monster count
 E = Vault monster count
 F = Vault count percentage of total count
                 A         B        C        D         E       F
            +---------+---------+-------+---------+---------+-------
      Total |      31 |       0 |   0.0 |      18 |       0 |   0.0
            +---------+---------+-------+---------+---------+-------
        D:1 |      18 |       0 |   0.0 |      10 |       0 |   0.0
        D:2 |      13 |       0 |   0.0 |       8 |       0 |   0.0
            +---------+---------+-------+---------+---------+-------
